 Dungeon Crawl Stone Soup version 0.30-a0-782-ge64f9170bb (webtiles) character file.

Game seed: 11938710903831958235

33 HoaS the Twirler (level 3, 0/32 HPs)
             Began as a Naga Gladiator on Mar 10, 2023.
             Slain by a white imp (2 damage)
             ... summoned by Natasha
             ... on level 1 of the Dungeon.
             The game lasted 00:01:57 (621 turns).

HoaS the Twirler (Naga Gladiator)                    Turns: 621, Time: 00:01:58

Health: 0/32       AC:  3    Str: 18    XL:     3   Next: 29%
Magic:  3/3        EV: 10    Int:  8    God:
Gold:   74         SH:  0    Dex: 12    Spells: 2/2 levels left

rFire   . . .      SeeInvis +    a - +0 quarterstaff
rCold   . . .      Faith    .    (shield currently unavailable)
rNeg    . . .      Spirit   .    b - +0 leather armour
rPois   +          Reflect  .    c - +0 helmet
rElec   .          Harm     .    (no cloak)
rCorr   .          Rampage  .    (no gloves)
Will    .....                    (no barding)
Stlth   +                        (no amulet)
HPRegen 0.25/turn                (no ring)
MPRegen 0.08/turn                (no ring)

@: attractive, very slow
A: AC +1, large, see invisible, deformed body, poison resistance, slowness 2,
spit poison 1, naga tail 1
a: Spit Poison


You were on level 1 of the Dungeon.
You visited 1 branch of the dungeon, and saw 2 of its levels.

You collected 74 gold pieces.

Inventory:

Hand Weapons
 a - a +0 quarterstaff (weapon)
Missiles
 d - 3 throwing nets (quivered)
 e - a javelin
Armour
 b - a +0 leather armour (worn)
 c - a +0 helmet (worn)
Potions
 f - a potion of attraction


   Skills:
 - Level 2.0 Fighting
 + Level 4.3 Staves
 - Level 1.7 Throwing
 - Level 2.4 Dodging


You had 2 spell levels left.
You didn't know any spells.
Your spell library contained the following spells:

 Spells                   Type           Power      Damage    Failure   Level
 Conjure Ball Lightning   Conj/Air       0%         3x3d6     100%        6
 Discord                  Hex            0%         N/A       100%        8
 Disjunction              Tloc           0%         N/A       100%        8


Dungeon Overview and Level Annotations

Branches:
Dungeon (2/15)

Altars:

Annotations:
D:1 Natasha


Innate Abilities, Weirdness & Mutations

Your serpentine skin is tough. (AC +1)
You have supernaturally acute eyesight. (SInv)
Armour fits poorly on your strangely shaped body.
Your system is resistant to poisons. (rPois)
You cover ground very slowly.
You can spit poison.
You have a snake-like lower body.


Message History

The adder bites you. The hobgoblin hits you.
The adder moves out of view.
Natasha barely misses you. The adder closely misses you.
The hobgoblin hits you. The gnoll closely misses you.
You climb upwards.
There is a stone staircase leading down here.
You hit Natasha.
Natasha is lightly wounded.
Natasha claws you. The adder bites you.
You are poisoned.
The adder poisons you! The hobgoblin hits you. Natasha barely misses you.
The adder bites you but does no damage.
You closely miss Natasha.
Natasha is lightly wounded.
You feel sick. The adder barely misses you. The hobgoblin closely misses you.
Natasha mumbles some strange words.
You hit Natasha.
Natasha is heavily wounded.
You feel sick. The adder closely misses you. The hobgoblin hits you.
Natasha closely misses you.
You barely miss Natasha.
Natasha is heavily wounded.
You feel sick. The adder bites you but does no damage. The hobgoblin hits you.
Natasha completely misses you. The adder bites you but does no damage.
The white imp gestures at you. The puff of frost misses you.
You closely miss Natasha.
Natasha is heavily wounded.
You feel sick. The adder closely misses you. The hobgoblin hits you.
Natasha barely misses you. The white imp gestures at you.
The puff of frost hits you.
* * * LOW HITPOINT WARNING * * *
It was a potion of attraction.
You feel attractive to monsters.
You feel sick.
You are no longer poisoned.
The adder bites you but does no damage. The hobgoblin hits you.
* * * LOW HITPOINT WARNING * * *
Natasha claws you but does no damage. The white imp hits you.
You die...

#.......# #.......#
#.......# #.......#
#.....)(### #.........##
########
###........########.......
#.....S5g.........######
#......@h#....#####
###########.#.# #
##~~~~~~~~.8..###### #
#~~.....~~~.#......#####
#~..~~~..~~.#...........
#..~~~~~..~.#.......####
###.~~...~~.~.+.......##..
#.+.~..~<~..~.+.......##.#
#.+.~.~~...~~.#.......##.#


You could see Natasha, an adder, a white imp (summoned) and a hobgoblin.

Vanquished Creatures
  An endoplasm (D:1)
  3 giant cockroaches (D:1)
  3 goblins (D:1)
  2 hobgoblins (D:1)
  4 jackals (D:1)
  5 kobolds (D:1)
  5 quokkas (D:1)
  2 bats (D:1)
  A frilled lizard (D:1)
  2 rats (D:1)
28 creatures vanquished.

Notes
Turn   | Place    | Note
-------+----------+-------------------------------------------
     0 | D:1      | HoaS the Naga Gladiator began the quest for the Orb.
     0 | D:1      | Reached XP level 1. HP: 19/19 MP: 1/1
   131 | D:1      | Reached XP level 2. HP: 26/26 MP: 2/2
   358 | D:1      | Reached skill level 4 in Staves
   370 | D:1      | Reached XP level 3. HP: 32/32 MP: 3/3
   609 | D:2      | Noticed Natasha
   621 | D:1      | Slain by a white imp

Illustrated notes

Levels and vault maps discovered:
D:1:      psy_arrival_whirlpool, layout_rooms
D:2:      layout_rooms, serial_forest, infiniplex_forest_clump_diagonal,
          infiniplex_forest_corner_1, infiniplex_forest_zigzag_2,
          infiniplex_forest_straight_4, infiniplex_forest_3_way,
          serial_bayou_pond_b, uniq_jessica, uniq_natasha

Skill      XL: |  1  2 |
---------------+-------+-----
Staves         | 4 |  4.3
Fighting       | |  2.0
Throwing       | |  1.7
Dodging        | |  2.4

Action                     || total
---------------------------++-------
  Melee: Quarterstaff      ||    86
    Use: Potion            ||     1
   Stab: Distracted        ||     1
 Armour: Leather armour    ||    36
  Dodge: Dodged            ||    56

Table legend: (Time is in decaauts)
 A = Elapsed time spent in this place.
 B = Non-inter-level travel time spent in this place.
 C = Inter-level travel time spent in this place.
 D = Time resting spent in this place.
 E = Time spent auto-exploring this place.
 F = Levels seen in this place.
 G = Mean time per level.
                   A        B        C        D        E       F      G
               +--------+--------+--------+--------+--------+-----+--------+
         Total |    801 |    789 |     12 |     75 |    508 |   2 |  400.5 |
       Dungeon |    801 |    789 |     12 |     75 |    508 |   2 |  400.5 |
               +--------+--------+--------+--------+--------+-----+--------+

Top non-repeatable levels by time:
     D:1: 795 daAuts
     D:2: 5 daAuts
